cohdb
Replays
Latest Replays
All Replays
Popular Replays
Top Player Replays
Match Explorer
How It Works
Community
CoH3 Stats
Reddit
Sign in to upload your games and track your stats! →
Sign in with Steam
Match 27566036
Unlisted
Match 27566036
Overview
Messages
Build Orders
End
Vickers Machine Gun Team
Construct Section Command Post
Infantry Section
ML 3-inch Mortar Team
Infantry Section
Construct Platoon Command Post
6-pounder Anti-tank Gun Team
Selects Air and Sea Battlegroup
Selects Supply Surplus
Construct Field Infirmary
Infantry Section
Construct Company Command Post
Selects Centaur Medium Tank
Construct Resource Cache
Matilda II Heavy Tank
Selects Commando Section Paradrop
Royal Engineer Section
Matilda II Heavy Tank
Elphiroce
Pornstache
lgd6058
Checko
hangwani
MMMMMMMMMMMM
0
0
Comments
sign in to comment!
No comments posted yet!